 Dungeon Crawl Stone Soup version 0.25.0-26-g0c896c7088 (webtiles) character file.

Game seed: 14338630935366135457

223 schauveau the Cudgeler (level 6, -3/39 HPs)
             Began as a Gargoyle Monk on July 2, 2020.
             Slain by a centaur (6 damage)
             ... on level 4 of the Dungeon.
             The game lasted 00:03:31 (1788 turns).

schauveau the Cudgeler (Gargoyle Monk)              Turns: 1788, Time: 00:03:32

Health: -3/39      AC: 13    Str: 16    XL:     6   Next: 0%
Magic:  6/6        EV:  7    Int: 11    God:
Gold:   81         SH:  0    Dex: 12    Spells: 5/5 levels left

rFire    . . .     SeeInvis .   k - +0 flail
rCold    . . .     Gourm    .   (no shield)
rNeg     + . .     Faith    .   i - +0 chain mail
rPois    ∞         Spirit   .   (no helmet)
rElec    +         Reflect  .   (no cloak)
rCorr    .         Harm     .   (no gloves)
MR       .....                  (no boots)
Stlth    ..........             (no amulet)
HPRegen  0.13/turn              (no ring)
MPRegen  0.10/turn              (no ring)

@: no status effects
A: negative energy resistance 1, electricity resistance, unbreathing,
petrification resistance, rot immunity, AC +4
a: no special abilities


You were on level 4 of the Dungeon.
You were not hungry.

You visited 2 branches of the dungeon, and saw 6 of its levels.

You collected 81 gold pieces.

Inventory:

Hand Weapons
 a - a +0 mace
 k - a +0 flail (weapon)
Missiles
 d - 19 bolts
Armour
 i - a +0 chain mail (worn)
Scrolls
 e - a scroll of fear {unknown}
 g - 4 scrolls of teleportation
 h - a scroll of remove curse {unknown}
Potions
 b - a potion of haste
 j - a potion of degeneration {unknown}
Comestibles
 c - 2 rations
 f - 6 chunks of flesh


   Skills:
 + Level 4.4 Fighting
 * Level 5.0 Maces & Flails
 + Level 2.8 Armour
 - Level 2.4 Dodging
 - Level 2.1 Stealth


You had 5 spell levels left.
You didn't know any spells.
Your spell library was empty.

Dungeon Overview and Level Annotations

Branches:
Dungeon (5/15)             Temple (1/1) D:4

Altars:
Cheibriados
Dithmenos
Elyvilon
Fedhas
Gozag
Kikubaaqudgha
Nemelex Xobeh
Ru
Sif Muna
Trog
Vehumet
Wu Jian
Yredelemnul
Zin


Innate Abilities, Weirdness & Mutations

You are resistant to torment.
Your stone body is resilient. (AC +4)
You are immune to poison.
You resist negative energy. (rN+)
You are resistant to electric shocks. (rElec)
You can survive without breathing.
You are immune to petrification.
You are immune to rotting.


Message History

A worker ant comes into view.
The worker ant twitches its antennae in your direction.
You thump the centaur!
The centaur is moderately wounded.
The centaur unwields a +0 shortbow.
The centaur hits you.
* * * LOW HITPOINT WARNING * * *
The centaur hits you.
* * * LOW HITPOINT WARNING * * *
Your chain mail prevents you from hitting the centaur.
The centaur is moderately wounded.
The centaur hits you but does no damage. x2
You barely miss the centaur.
The centaur is moderately wounded.
The worker ant bites you but does no damage.
The centaur hits you.
* * * LOW HITPOINT WARNING * * *
You hit the centaur.
The centaur is moderately wounded.
The centaur hits you.
You die...

# ########### ####
#.##.....<.... ....
........###### .?.
.........#
#.####.#####..#### #...
#.....# #ac# #.....# #.@#
##.)÷.# ##(†# #.#.##
#.!.# #.#.# # ##.#.##
#.#.# #. #.....### #.#.#
......#.#...### #.#)#
......#.###...#####.#.#
.....##...###....##.#.#
.....#.....÷..#..##.#.###


You could see a centaur and a worker ant.

Vanquished Creatures
  A hound (D:4)
  An iguana (D:4)
  3 worker ants (D:4)
  4 gnolls (D:4)
  An adder (D:4)
  An adder skeleton (D:3)
  A leopard gecko (D:3)
  2 orcs
  3 giant cockroaches (D:3)
  2 hobgoblins (D:1)
  7 jackals (D:1)
  5 kobolds
  A quokka (D:4)
  A ball python (D:3)
  A bat (D:1)
  3 frilled lizards
  4 goblins (D:1)
  6 rats (D:1)
47 creatures vanquished.

Notes
Turn   | Place    | Note
-------+----------+-------------------------------------------
     0 | D:1      | schauveau the Gargoyle Monk began the quest for the Orb.
     0 | D:1      | Reached XP level 1. HP: 14/14 MP: 1/1
   397 | D:1      | Reached XP level 2. HP: 19/19 MP: 2/2
   529 | D:1      | Reached skill level 1 in Armour
   758 | D:1      | Reached XP level 3. HP: 23/23 MP: 3/3
   935 | D:3      | Found a sacrificial altar of Ru.
  1100 | D:4      | Reached skill level 4 in Maces & Flails
  1100 | D:4      | Reached XP level 4. HP: 25/29 MP: 4/4
  1166 | D:5      | Entered Level 5 of the Dungeon
  1436 | D:4      | Reached XP level 5. HP: 33/33 MP: 5/5
  1583 | D:4      | Found a staircase to the Ecumenical Temple.
  1603 | D:4      | Reached skill level 5 in Maces & Flails
  1615 | Temple   | Entered the Ecumenical Temple
  1778 | D:4      | Noticed a centaur
  1780 | D:4      | Reached XP level 6. HP: 23/39 MP: 6/6
  1788 | D:4      | Slain by a centaur

Illustrated notes

Levels and vault maps discovered:
D:1:      grunt_arrival_lava_bath, layout_loops_ring, minmay_hedge_maze,
          st_stairs_8, minmay_vboxes
D:2:      layout_basic, gammafunk_temple_overflow_arena, grunt_decor_cap
D:3:      layout_basic, nicolae_overflow_crystal_walls, doesnt_xom_only_xom,
          first_ration
D:4:      layout_loops_ring, nicolae_overflow_hidden_temple,
          minmay_temple_entry_slanted
D:5:      layout_basic, old_standard_altar
Temple:   cyrus_circular_temple

Skill      XL: |  1  2  3  4  5 |
---------------+----------------+-----
Armour         | 1 2 |  2.8
Maces & Flails | 4 5 |  5.0
Fighting       | 4 |  4.4
Dodging        | |  2.4
Stealth        | |  2.1

Action                   |  1- 3 |  4- 6 || total
-------------------------+-------+-------++-------
Melee: Mace              |   121 |    84 ||   205
       Flail             |       |     4 ||     4
  Use: Scroll            |     1 |     1 ||     2
 Stab: Sleeping          |     1 |       ||     1
  Eat: Chunk             |     1 |     2 ||     3
Armor: Robe              |    17 |       ||    17
       Chain mail        |    59 |    53 ||   112
Dodge: Dodged            |    77 |    37 ||   114
